 Dungeon Crawl Stone Soup version 0.26.0-10-g1f06aea511 (webtiles) character file.

Game seed: 472413700500257701

107 Borgoz the Ducker (level 4, -4/38 HPs)
             Began as a Ghoul Gladiator on Jan 16, 2021.
             Slain by an ogre
             ... wielding a +0 giant club
              (21 damage)
             ... on level 3 of the Dungeon.
             The game lasted 00:03:04 (2339 turns).

Borgoz the Ducker (Ghoul Gladiator)                 Turns: 2339, Time: 00:03:05

Health: -4/38      AC:  4    Str: 17    XL:     4   Next: 86%
Magic:  3/3        EV: 12    Int:  3    God:
Gold:   49         SH:  0    Dex: 11    Spells: 3/3 levels left

rFire    . . .     SeeInvis .   a - +0 long sword
rCold    + . .     Faith    .   (no shield)
rNeg     + + +     Spirit   .   b - +0 leather armour
rPois    ∞         Reflect  .   c - +0 helmet
rElec    .         Harm     .   (no cloak)
rCorr    .         Rampage  .   (no gloves)
Will     .....                  (no boots)
Stlth    ..........             (no amulet)
HPRegen  0.00/turn              h - ring of attention (curse)
MPRegen  0.08/turn              (no ring)

@: no status effects
A: claws 1, cold resistance 1, negative energy resistance 3, inhibited
regeneration, torment resistance, unbreathing
a: no special abilities


You were on level 3 of the Dungeon.
You visited 1 branch of the dungeon, and saw 3 of its levels.

You collected 49 gold pieces.

Inventory:

Hand Weapons
 a - a +0 long sword (weapon)
Armour
 b - a +0 leather armour (worn)
 c - a +0 helmet (worn)
Jewellery
 h - a cursed ring of attention (left claw)
 k - an uncursed ring of willpower {unknown}
Scrolls
 f - 2 scrolls of fear {unknown}
 g - 2 scrolls of identify {unknown}
 j - 2 scrolls of teleportation {unknown}
Potions
 e - a potion of berserk rage {unknown}
 i - a potion of mutation {unknown}
 l - a potion of magic {unknown}
 m - a potion of lignification {unknown}


   Skills:
 + Level 3.2 Fighting
 + Level 3.3 Long Blades
 + Level 2.6 Throwing
 + Level 3.3 Dodging


You had 3 spell levels left.
You didn't know any spells.
Your spell library was empty.

Dungeon Overview and Level Annotations

Branches:
Dungeon (3/15)

Altars:
Kikubaaqudgha
Zin


Innate Abilities, Weirdness & Mutations

You thrive by killing the living.
You are immune to poison.
You have sharp fingernails.
Your flesh is cold resistant. (rC+)
You are immune to negative energy. (rN+++)
You do not regenerate when monsters are visible.
You are immune to unholy pain and torment.
You can survive without breathing.


Message History

You hit the ogre.
The ogre is lightly wounded.
The ogre struggles against the net.
You slash the ogre!
The ogre is heavily wounded.
The ogre struggles against the net.
You completely miss the ogre.
The ogre is heavily wounded.
The ogre struggles against the net.
The net rips apart, and the ogre comes free!
The ogre hits you with a +0 giant club!!
Ouch! That really hurt!
You are too injured to fight recklessly!
You are too injured to fight recklessly!
You are too injured to fight recklessly!
You hit the ogre.
The ogre is severely wounded.
The ogre hits you with a +0 giant club!!
Ouch! That really hurt!
You die...

... #...## .. #....#
..#..#.#.# .#.... .#
(...#..# #..(#..###
#.O....... #@.# #
#..##>#.# ..#######
#).......
........#####..#.##.#
...............#.#
..#####)######.# #
#.# .# #.# .# #.# .#


You could see an ogre.

Vanquished Creatures
  6 adders (D:2)
  A worm (D:2)
  An orc (D:3)
  2 bat zombies (D:2)
  A giant cockroach (D:2)
  9 goblins
  5 hobgoblins
  2 jackals (D:1)
  2 quokkas (D:2)
  A ball python (D:3)
  10 bats
  2 frilled lizards (D:1)
  8 kobolds
  3 rats
  A rat zombie (D:2)
54 creatures vanquished.

Notes
Turn   | Place    | Note
-------+----------+-------------------------------------------
     0 | D:1      | Borgoz the Ghoul Gladiator began the quest for the Orb.
     0 | D:1      | Reached XP level 1. HP: 17/17 MP: 0/0
    63 | D:1      | Reached XP level 2. HP: 25/25 MP: 1/1
   239 | D:1      | You fall into a shaft and drop 1 floor!
   786 | D:1      | Reached XP level 3. HP: 21/30 MP: 2/2
  1140 | D:2      | Found a glowing silver altar of Zin.
  1366 | D:2      | Reached XP level 4. HP: 37/37 MP: 3/3
  1464 | D:2      | Found an ancient bone altar of Kikubaaqudgha.
  2329 | D:3      | Noticed an ogre
  2339 | D:3      | Slain by an ogre

Illustrated notes

Levels and vault maps discovered:
D:1:      wander_arrival_peaceful_grave, layout_rooms
D:2:      layout_rooms, overflow_temple_1_default,
          lemuel_zombie_altar_kikubaaqudgha
D:3:      layout_basic, lemuel_round_altar, general_overflow_altar

Skill      XL: |  1  2  3  4 |
---------------+-------------+-----
Throwing       | 2 |  2.6
Long Blades    | 3 |  3.3
Dodging        | 3 |  3.3
Fighting       | 3 |  3.2

Action                   |  1- 3 |  4- 6 || total
-------------------------+-------+-------++-------
Melee: Long sword        |   117 |    57 ||   174
Throw: Throwing net      |     1 |     4 ||     5
Armor: Leather armour    |    25 |    25 ||    50
Dodge: Dodged            |   101 |    58 ||   159
       Rpst.: Long sword |    38 |    19 ||    57
